AoeStats
← Ambro

Black Forest

509755283Analyzed
3v3 RM · 3d ago on Sep 27, 2026· 29m 55s· 6 players
Game mode
Random Map
Map size
Normal (6 player)
Population
200
Speed
Normal
Resources
Standard
Victory
Conquest
Starting age
Dark Age
Ending age
Imperial Age
RankedLock teamsTeams togetherTeam positionsShared explorationLock speedFull tech treeHidden civsTurbo modeCheats
Victory
Defeat
🇬🇧 Turks · United Kingdom
800
+9
🇵🇭 Chinese · Philippines
739
+11
🇪🇸 Persians · Spain
728
+11
🇻🇺 Ethiopians · Vanuatu
659
-11
🇺🇸 Berbers · United States
614
-10
🇫🇷 Franks · France
604
-10
Louis Theroux
0:49 Loom
14:21 Feudal Age
18:46 Castle Age
16:42 Gold Mining
16:41 Double-Bit Axe
23:00 Imperial Age
20:35 Horse Collar
21:39 Bow Saw
Tolo
8:59 Feudal Age
9:25 Double-Bit Axe
13:52 Wheelbarrow
18:46 Castle Age
21:05 Bow Saw
25:35 Caravan
27:39 Hand Cart
28:17 Gold Mining
28:17 Stone Mining
32:01 Imperial Age
Maki
1:35 Loom
11:24 Feudal Age
12:05 Double-Bit Axe
13:27 Wheelbarrow
13:02 Horse Collar
19:37 Castle Age
18:39 Stone Mining
18:42 Gold Mining
20:58 Bow Saw
23:17 Stone Shaft Mining
23:19 Gold Shaft Mining
23:18 Heavy Plow
25:42 Hand Cart
27:50 Fletching
SirSlothalot778
0:28 Loom
14:25 Feudal Age
14:55 Town Watch
15:48 Double-Bit Axe
22:10 Castle Age
Ambro
2:04 Loom
13:42 Feudal Age
14:53 Horse Collar
15:01 Double-Bit Axe
20:51 Castle Age
21:29 Wheelbarrow
21:47 Heavy Plow
23:05 Bow Saw
22:59 Caravan
23:31 Coinage
23:19 Gold Mining
23:29 Fletching
24:32 Husbandry
24:47 Bloodlines
25:05 Light Cavalry
ToNi0
2:11 Loom
11:28 Feudal Age
12:42 Double-Bit Axe
21:59 Castle Age
22:13 Stone Mining
Connection lost

Rejoining the realm…

Still unreachable

The connection could not be restored.

Session expired

The server has moved on; the page needs a fresh start.